 Dungeon Crawl Stone Soup version 0.28.0-1-gb440e238dd (webtiles) character file.

Game seed: 7491935027319754519

12 Descartes the Grasshopper (level 2, -1/26 HPs)
             Began as a Naga Warper on Feb 19, 2022.
             Frozen to death by an endoplasm (4 damage)
             ... on level 1 of the Dungeon.
             The game lasted 00:02:43 (463 turns).

Descartes the Grasshopper (Naga Warper)              Turns: 463, Time: 00:02:43

Health: -1/26      AC:  2    Str: 13    XL:     2   Next: 33%
Magic:  5/5        EV:  9    Int: 13    God:
Gold:   0          SH:  0    Dex: 10    Spells: 5/5 levels left

rFire   . . .      SeeInvis +   a - +0 falchion
rCold   . . .      Faith    .   (no shield)
rNeg    . . .      Spirit   .   b - +0 leather armour
rPois   +          Reflect  .   (no helmet)
rElec   .          Harm     .   (no cloak)
rCorr   .          Rampage  .   (no gloves)
Will    .....                   (no barding)
Stlth   +.........              (no amulet)
HPRegen 0.08/turn               (no ring)
MPRegen 0.09/turn               (no ring)

@: very slow
A: AC +0, large, see invisible, deformed body, poison resistance, slowness 2,
spit poison 1, naga tail 1
a: Spit Poison


You were on level 1 of the Dungeon.
You visited 1 branch of the dungeon, and saw 1 of its levels.

Inventory:

Hand Weapons
 a - a +0 falchion (weapon)
Missiles
 d - 5 boomerangs of dispersal (quivered)
Armour
 b - a +0 leather armour (worn)
Scrolls
 c - a scroll of blinking
 e - a scroll of fear {unknown}


   Skills:
 + Level 2.1 Fighting
 + Level 2.1 Long Blades
 - Level 0.8 Throwing
 + Level 1.0 Armour
 + Level 1.7 Dodging
 + Level 0.3 Shields
 + Level 2.1 Spellcasting
 + Level 3.1 Translocations


You had 5 spell levels left.
You didn't know any spells.
Your spell library contained the following spells:

 Spells                   Type           Power      Damage    Failure   Level
 Blink                    Tloc           18%        N/A       14%         2
 Gell's Gravitas          Tloc           9%         N/A       26%         3
 Lesser Beckoning         Tloc           9%         N/A       26%         3
 Teleport Other           Tloc           9%         N/A       26%         3
 Manifold Assault         Tloc           9%         N/A       94%         5


Dungeon Overview and Level Annotations

Branches:
Dungeon (1/15)

Altars:


Innate Abilities, Weirdness & Mutations

Your serpentine skin is tough. (AC +0)
You have supernaturally acute eyesight. (SInv)
Armour fits poorly on your strangely shaped body.
Your system is resistant to poisons. (rPois)
You cover ground very slowly.
You can spit poison.
You have a snake-like lower body.


Message History

You hit the hobgoblin but do no damage.
The hobgoblin is severely wounded.
The hobgoblin hits you.
* * * LOW HITPOINT WARNING * * *
You hit the hobgoblin.
You kill the hobgoblin!
You hit the goblin but do no damage.
You have got your breath back.
The goblin hits you but does no damage. The goblin barely misses you.
You barely miss the goblin. The goblin misses you.
You hit the goblin.
The goblin is moderately wounded.
The goblin hits you with a +0 dagger.
* * * LOW HITPOINT WARNING * * *
Aiming: Spit Poison (2% risk of failure)
Press: ? - help, Shift-Dir - straight line, f - rat
Aim: a rat (59% to hit)
The splash of poison hits the goblin!
The goblin is poisoned.
You kill the goblin!
Unknown command.
You barely miss the kobold. The kobold misses you.
You closely miss the kobold. The kobold completely misses you.
An endoplasm comes into view.
The kobold closely misses you.
You have got your breath back.
The endoplasm quivers.
The kobold hits you with a +0 short sword.
* * * LOW HITPOINT WARNING * * *
The kobold barely misses you.
Aiming: Spit Poison (2% risk of failure)
Press: ? - help, Shift-Dir - straight line, f - endoplasm, p - rat
Aim: an endoplasm (97% to hit)
The splash of poison hits the kobold.
You kill the kobold!
Your Armour skill increases to level 1!
The endoplasm closely misses you.
You have got your breath back.
The endoplasm freezes you.
You are frozen.
You die...

#...# #.#########.#
###.# #).......#
§...########.#..###.####
.....)..................
#.#....÷..####.#..#####
....#####.........#
.#### #.#..###.#..# .
#.#..###.#..# .
#.#......#@.# .
#...######J.### #####
#r...#.. #J.#.#.#
#..#.#.# #)...#.#
#.####.# #....#.#
#..#.#.#


You could see 2 endoplasms and a rat.

Vanquished Creatures
  A ball python (D:1)
  2 endoplasms (D:1)
  A hobgoblin (D:1)
  A quokka (D:1)
  A frilled lizard (D:1)
  A goblin (D:1)
  4 kobolds (D:1)
  A rat (D:1)
12 creatures vanquished.

Notes
Turn   | Place    | Note
-------+----------+-------------------------------------------
     0 | D:1      | Descartes the Naga Warper began the quest for the Orb.
     0 | D:1      | Reached XP level 1. HP: 19/19 MP: 3/3
   367 | D:1      | Reached XP level 2. HP: 23/26 MP: 5/5
   460 | D:1      | Reached skill level 1 in Armour
   463 | D:1      | Frozen to death by an endoplasm

Illustrated notes

Levels and vault maps discovered:
D:1:      heliophobic_arrival_enchanted_forest, layout_basic, minmay_tall_x

Skill      XL: |  1  2 |
---------------+-------+-----
Armour         | 1 |  1.0
Fighting       | |  2.1
Long Blades    | |  2.1
Throwing       | |  0.8
Dodging        | |  1.7
Shields        | |  0.3
Spellcasting   | |  2.1
Translocations | |  3.1

Action                   || total
-------------------------++-------
Melee: Falchion          ||    32
 Abil: Spit Poison       ||    10
Armor: Leather armour    ||     6
Dodge: Dodged            ||    15
